 Dungeon Crawl Stone Soup version 0.17-a0-1900-g45e8110 (webtiles) character file.

251 kae the Archer (level 5, -1/35 HPs)
             Began as a High Elf Hunter on Sept 24, 2015.
             Slain by mcbry74's ghost (19 damage)
             ... on level 4 of the Dungeon.
             The game lasted 00:08:02 (4694 turns).

kae the Archer (High Elf Hunter)                    Turns: 4694, Time: 00:08:02

Health: -1/35      AC:  5    Str: 16    XL:     5   Next: 88%
Magic:  6/6        EV: 19    Int: 17    God:
Gold:   227        SH:  0    Dex: 21    Spells: 0 memorised, 4 levels left

rFire  . . .     SeeInvis .     b - +5 dagger (venom)
rCold  . . .     Clarity  .     d - +0 leather armour
rNeg   . . .     SustAt   .     (no shield)
rPois  .         Gourm    .     (no helmet)
rElec  .         Spirit   .     s - +0 cloak
rCorr  .         Warding  .     f - +0 pair of gloves
rMut   .         Stasis   .     (no boots)
MR     +....                    (no amulet)
Stlth  +++.......               k - +2 ring of intelligence
                                i - ring of protection from magic

@: mighty, agile, somewhat resistant to hostile enchantments, fairly stealthy
A: no striking features
a: no special abilities


You were on level 4 of the Dungeon.
You were near starving.

You visited 1 branch of the dungeon, and saw 4 of its levels.

You collected 227 gold pieces.

Inventory:

Hand weapons
 a - a +1 shortbow
 b - a +5 dagger of venom (weapon)
 o - a +0 short sword
Missiles
 c - 60 arrows
Armour
 d - a +0 leather armour (worn)
 f - a +0 pair of gloves (worn)
 s - a +0 cloak (worn)
Jewellery
 i - a ring of protection from magic (left hand)
 j - a cursed -2 ring of slaying {unknown}
 k - a +2 ring of intelligence (right hand)
Magical devices
 r - a wand of magic darts (16)
Scrolls
 e - a scroll of blinking
 u - a scroll of immolation {unknown}
 v - a scroll of teleportation
 w - 4 scrolls of enchant weapon {unknown}
Potions
 h - a potion of agility
 n - a potion of brilliance
 p - 2 potions of heal wounds
 t - a potion of poison {unknown}
Comestibles
 g - a beef jerky
 l - a slice of pizza
 q - a meat ration
 z - 3 bread rations


   Skills:
 - Level 2.7 Fighting
 - Level 1.7 Short Blades
 + Level 8.1 Bows
 - Level 0.6 Armour
 - Level 3.0 Dodging
 - Level 1.5 Stealth


You had 4 spell levels left.
You didn't know any spells.

Dungeon Overview and Level Annotations

Branches:
Dungeon (4/15)
 Temple: D:4-7

Altars:
Kikubaaqudgha
Qazlal
Zin

Annotations:
D:4 mcbry74's ghost, experienced TrBe


Message History

Aim: mcbry74's ghost (moderately damaged)
You shoot an arrow. The arrow hits mcbry74's ghost.
Mcbry74's ghost is heavily damaged.
Mcbry74's ghost hits you.
It begins to drip with poison!
b - a +5 dagger of venom (weapon)
You hit mcbry74's ghost.
Mcbry74's ghost is heavily damaged.
Mcbry74's ghost hits you!
* * * LOW HITPOINT WARNING * * *
Drink which item? (? for menu, Esc to quit)
You feel much better. Mcbry74's ghost misses you.
You puncture mcbry74's ghost!
Mcbry74's ghost is severely damaged.
Mcbry74's ghost completely misses you.
You puncture mcbry74's ghost!
Mcbry74's ghost is severely damaged.
Mcbry74's ghost hits you!!
Ouch! That really hurt!
You die...

.>.#..#.##.#.##..#..# #..8.8.
..##....##..........# #......
.....#.....#..##.##.# #......
##.##.#.###.##.#.##.# #......
#.##.♣.###.⌠.##..##.# #......
.####.###.#.####.##.#### #......
.#.#♣###.#.###.#..#....# #..8.8.
#.⌠.# #.♣.###.⌠.#.####.# #######
.#.###♣#.###.#.#@.# #.#
.####.###.#.####W#####.#
..##.⌠.###.⌠.##.([.....#
.#.##.#.###.##..(...####
.#...#.....#...(....# #####
.#.#...........(....# #....
.#.###........(..#.## #.###
................(#.# ####.###
.................#.#######.......


You could see mcbry74's ghost.

Vanquished Creatures
  An orc priest (D:3)
  Ijyb (D:4)
  A hound (D:4)
  2 worker ants (D:4)
  3 adders (D:4)
  A shadow imp (D:2)
  An adder skeleton (D:4)
  3 worms
  A giant gecko (D:2)
  2 orcs (D:3)
  13 goblins
  9 hobgoblins
  10 jackals
  5 kobolds
  2 quokkas
  8 bats
  7 giant cockroaches
  5 giant newts
  10 rats
85 creatures vanquished.

Notes
Turn   | Place    | Note
--------------------------------------------------------------
     0 | D:1      | kae the High Elf Hunter began the quest for the Orb.
     0 | D:1      | Reached XP level 1. HP: 14/14 MP: 2/2
     6 | D:1      | Noticed a wyvern
    10 | D:1      | Noticed an anaconda
    15 | D:1      | Noticed a swamp worm
   517 | D:1      | Reached XP level 2. HP: 5/19 MP: 3/3
  1174 | D:1      | Reached skill level 6 in Bows
  1524 | D:2      | Reached XP level 3. HP: 22/25 MP: 4/4
  1759 | D:2      | Reached skill level 1 in Short Blades
  2514 | D:2      | Found a glowing silver altar of Zin.
  2736 | D:3      | Found an ancient bone altar of Kikubaaqudgha.
  3009 | D:3      | Reached XP level 4. HP: 30/30 MP: 5/5
  3740 | D:4      | Reached XP level 5. HP: 35/35 MP: 6/6
  3752 | D:4      | Noticed Ijyb
  3803 | D:4      | Killed Ijyb
  3803 | D:4      | Reached skill level 7 in Bows
  4209 | D:4      | Reached skill level 8 in Bows
  4374 | D:4      | Found a stormy altar of Qazlal.
  4414 | D:4      | Noticed mcbry74's ghost (experienced TrBe)
  4694 | D:4      | Slain by mcbry74's ghost

Vault maps used:
D:1:      onia_arrival_zoo_common
D:2:      zin_treasury, first_bread
D:3:      kiku_gazebo_garden_becter, dk_noncrumbling_3
D:4:      kennysheep_the_goblin_king, grunt_decor_mini_mirrors,
          nicolae_qazlal_general_emergency

Action                   |  1- 3 |  4- 6 || total
-------------------------+-------+-------++-------
Melee: Short sword       |   192 |    36 ||   228
       Dagger            |       |    17 ||    17
 Fire: Shortbow          |    18 |    96 ||   114
  Use: Scroll            |     4 |     6 ||    10
       Potion            |       |     4 ||     4
 Stab: Sleeping          |     4 |       ||     4
  Eat: Chunk             |     7 |     3 ||    10
